[Event "69th RUS-ch Women Higher League 2019"]
[Site "Yaroslavl"]
[Date "2019.07.01"]
[Round "5.21"]
[White "Tokmakova, Ulyana"]
[Black "Utiatskaja, Irina"]
[Result "1/2-1/2"]
[ECO "B20"]
[WhiteElo "1878"]
[BlackElo "2192"]
[Annotator "NA"]
[PlyCount "80"]
[EventDate "2019.06.27"]
[EventType "swiss"]
[EventCountry "RUS"]
[SourceTitle "playchess.com"]
[Source "ChessBase"]
[SourceQuality "1"]
[TimeControl "40/5400+30:1800+30"]

1. e4 c5 2. b3 d6 3. Bb2 Nf6 4. Nc3 g6 5. Bb5+ Nc6 6. Nd5 Bg7 7. Nxf6+ exf6 8. Ne2 O-O 9. O-O Re8 10. Ng3 h5 11. Re1 a6 12. Bc4 Bg4 13. f3 Be6 14. Nf1 Ne5 15. Ne3 Nxc4 16. bxc4 Qd7 17. Nd5 Bxd5 18. cxd5 f5 19. Bxg7 Kxg7 20. d4 fxe4 21. fxe4 cxd4 22. Qxd4+ Kg8 23. c4 Rac8 24. e5 dxe5 25. Rxe5 Rxe5 26. Qxe5 Rxc4 27. Rd1 Qg4 28. Qe8+ Kg7 29. Qe5+ f6 30. Qe7+ Kh6 31. Qe3+ Qg5 32. Qe7 Qf4 33. d6 Rc1 34. Rxc1 Qxc1+ 35. Kf2 Qd2+ 36. Kf3 Qd5+ 37. Kf2 Qd2+ 38. Kf3 Qd5+ 39. Kf2 Qd2+ 40. Kf3 Qd5+ {[%emt 0:00:00] Ke4} 1/2-1/2

[Event "69th RUS-ch Women Higher League 2019"]
[Site "Yaroslavl"]
[Date "2019.07.01"]
[Round "5.22"]
[White "Chkhan, Viktoria"]
[Black "Yakushina, Ekaterina"]
[Result "1/2-1/2"]
[ECO "D76"]
[WhiteElo "2141"]
[BlackElo "1783"]
[Annotator "NA"]
[PlyCount "83"]
[EventDate "2019.06.27"]
[EventType "swiss"]
[EventCountry "RUS"]
[SourceTitle "playchess.com"]
[Source "ChessBase"]
[SourceQuality "1"]
[TimeControl "40/5400+30:1800+30"]

1. d4 Nf6 2. c4 g6 3. Nf3 Bg7 4. g3 O-O 5. Bg2 d5 6. cxd5 Nxd5 7. O-O Nb6 8. Nc3 Nc6 9. e3 Re8 10. Re1 a5 11. h3 a4 12. Kh2 Ra5 13. Bd2 e5 14. Ne4 Ra8 15. dxe5 Nc4 16. Bc3 N6xe5 17. Nxe5 Nxe5 18. Nc5 Qxd1 19. Rexd1 a3 20. bxa3 Ng4+ 21. hxg4 Bxc3 22. Rac1 Bb2 23. Rc2 Bxa3 24. Nxb7 Bxg4 25. Rd4 Be6 26. Rxc7 Bxa2 27. Rd2 Be6 28. Nc5 Rad8 29. Rxd8 Rxd8 30. Nxe6 fxe6 31. Bh3 e5 32. Be6+ Kh8 33. g4 Re8 34. Bd5 Re7 35. Rc8+ Kg7 36. g5 h6 37. Rg8+ Kh7 38. gxh6 Kxh6 39. Kg3 Kg5 40. Be4 Re6 41. Ra8 Bb4 42. Ra4 1/2-1/2

[Event "69th RUS-ch Women Higher League 2019"]
[Site "Yaroslavl"]
[Date "2019.07.01"]
[Round "5.23"]
[White "Dzutseva, Lana"]
[Black "Mokshanova, Elizaveta"]
[Result "0-1"]
[ECO "A65"]
[WhiteElo "1325"]
[BlackElo "2020"]
[Annotator "NA"]
[PlyCount "84"]
[EventDate "2019.06.27"]
[EventType "swiss"]
[EventCountry "RUS"]
[SourceTitle "playchess.com"]
[Source "ChessBase"]
[SourceQuality "1"]
[TimeControl "40/5400+30:1800+30"]

1. d4 Nf6 2. c4 c5 3. d5 e6 4. Nc3 exd5 5. cxd5 d6 6. e4 g6 7. h3 Bg7 8. Bd3 O-O 9. Nf3 a6 10. a4 Re8 11. O-O Nfd7 12. Bg5 Qb6 13. Qd2 Ne5 14. Nxe5 Bxe5 15. f4 Bg7 16. Kh1 Nd7 17. Rf2 h6 18. Bh4 Qc7 19. Raf1 Rb8 20. e5 dxe5 21. fxe5 Nxe5 22. Bg3 f5 23. Bf4 Bd7 24. Bc2 Qb6 25. Bxh6 Nc4 26. Qg5 Ne3 27. Re1 Nxc2 28. Rxe8+ Rxe8 29. Rxc2 Re1+ 30. Kh2 Qf6 31. Qxf6 Bxf6 32. Bf4 b5 33. axb5 axb5 34. Kg3 c4 35. Kf2 Ra1 36. Ne2 Ra2 37. Bc1 Kf7 38. Ke1 Ke7 39. Kd2 Kd6 40. Nc3 Ra1 41. Ke2 b4 42. Nd1 Ba4 0-1

[Event "69th RUS-ch Women Higher League 2019"]
[Site "Yaroslavl"]
[Date "2019.07.01"]
[Round "5.24"]
[White "Matveeva, Olga"]
[Black "Filippova, Darya"]
[Result "1-0"]
[ECO "D31"]
[WhiteElo "2189"]
[BlackElo "2174"]
[Annotator "NA"]
[PlyCount "101"]
[EventDate "2019.06.27"]
[EventType "swiss"]
[EventCountry "RUS"]
[SourceTitle "playchess.com"]
[Source "ChessBase"]
[SourceQuality "1"]
[TimeControl "40/5400+30:1800+30"]

1. d4 d5 2. c4 e6 3. Nc3 c6 4. e4 dxe4 5. Nxe4 Nf6 6. Nxf6+ Qxf6 7. Nf3 Bb4+ 8. Bd2 Bxd2+ 9. Qxd2 Nd7 10. Qe3 b6 11. Be2 c5 12. O-O O-O 13. Rad1 Bb7 14. dxc5 Nxc5 15. b4 Na4 16. Rd7 Bc6 17. Rd6 Rfc8 18. Ne5 Be8 19. Bf3 Rab8 20. h3 Rc7 21. Rfd1 Rbc8 22. R1d4 h6 23. Bd1 Qe7 24. Bb3 Kh8 25. f4 a5 26. a3 axb4 27. axb4 b5 28. c5 Ra8 29. Qd2 Rcc8 30. Kh2 Qf6 31. Bd1 g5 32. Nf3 gxf4 33. Bc2 Bc6 34. Rxf4 Qc3 35. Rxf7 Qxd2 36. Nxd2 Bd5 37. Ne4 Rf8 38. Rdd7 Rxf7 39. Rxf7 Kg8 40. Rd7 Rf8 41. Kg3 Rf1 42. Bd3 Rf5 43. Bxb5 Nb2 44. Nf2 h5 45. h4 Rf6 46. Nh3 Nd1 47. c6 Nc3 48. c7 Bb7 49. Rd8+ Kg7 50. Bc6 Rg6+ 51. Ng5 1-0

[Event "69th RUS-ch Women Higher League 2019"]
[Site "Yaroslavl"]
[Date "2019.07.03"]
[Round "6.2"]
[White "Shuvalova, Polina"]
[Black "Shafigullina, Zarina"]
[Result "0-1"]
[ECO "A22"]
[WhiteElo "2418"]
[BlackElo "2240"]
[Annotator "NA"]
[PlyCount "100"]
[EventDate "2019.06.27"]
[EventType "swiss"]
[EventCountry "RUS"]
[SourceTitle "playchess.com"]
[Source "ChessBase"]
[SourceQuality "1"]
[TimeControl "40/5400+30:1800+30"]

1. c4 e5 2. Nc3 Nf6 3. g3 Bb4 4. e4 O-O 5. Nge2 Nc6 6. Bg2 d6 7. O-O a6 8. d3 h6 9. h3 Bc5 10. Kh2 Rb8 11. f4 b5 12. f5 Nd4 13. g4 g5 14. Ng1 Kg7 15. b3 Rh8 16. h4 Ng8 17. Nh3 f6 18. Bd2 Bd7 19. a3 a5 20. Nd5 c6 21. b4 cxd5 22. bxc5 dxc4 23. cxd6 cxd3 24. Bc3 Nc2 25. Qxd3 Nxa1 26. Rxa1 b4 27. axb4 axb4 28. Bb2 Qb6 29. h5 Rd8 30. Ra6 Qb7 31. Bf1 Ra8 32. Rxa8 Qxa8 33. Qc4 Qb7 34. Nf2 Qb6 35. Nd3 Qxd6 36. Nc5 Ne7 37. Qxb4 Qc7 38. Na6 Nc6 39. Qd2 Qa7 40. Nc5 Qxc5 41. Qxd7+ Ne7 42. Bc1 Rf8 43. Bd2 Rf7 44. Bg2 Qd4 45. Qxd4 exd4 46. Bb4 Nc6 47. Bc5 d3 48. Bf3 Ne5 49. Bd1 Rc7 50. Be3 d2 0-1

[Event "69th RUS-ch Women Higher League 2019"]
[Site "Yaroslavl"]
[Date "2019.07.03"]
[Round "6.3"]
[White "Charochkina, Daria"]
[Black "Protopopova, Anastasiya"]
[Result "1-0"]
[ECO "A01"]
[WhiteElo "2338"]
[BlackElo "2272"]
[Annotator "NA"]
[PlyCount "137"]
[EventDate "2019.06.27"]
[EventType "swiss"]
[EventCountry "RUS"]
[SourceTitle "playchess.com"]
[Source "ChessBase"]
[SourceQuality "1"]
[TimeControl "40/5400+30:1800+30"]

1. b3 e5 2. Bb2 Nc6 3. e3 d6 4. d4 Bd7 5. Nc3 g6 6. dxe5 dxe5 7. Qe2 Bg7 8. O-O-O Nge7 9. g4 Qc8 10. g5 h6 11. gxh6 Rxh6 12. Ne4 Rh4 13. f3 Bf5 14. Qf2 Rh8 15. Ne2 Bxe4 16. fxe4 Qg4 17. Nf4 Qh4 18. Qf3 Nd4 19. Qg2 exf4 20. exd4 O-O-O 21. Bc4 Nc6 22. e5 f3 23. Qxf3 Nxd4 24. Qxf7 Bxe5 25. Qxg6 Qf2 26. Kb1 Kb8 27. Qe4 Bg7 28. Rhf1 Qh4 29. Qxh4 Rxh4 30. Rf7 Be5 31. c3 Nc6 32. Rxd8+ Nxd8 33. Rf8 Rh8 34. Rxh8 Bxh8 35. Kc2 Nc6 36. Be6 Ne5 37. c4 c5 38. Bd5 Kc7 39. Bc1 b6 40. Bf4 Kd7 41. Kd2 Ke7 42. h3 Kd7 43. Ke3 Ng6 44. Bg5 a6 45. Ke4 Ne7 46. Bb7 a5 47. h4 Bc3 48. h5 Bb2 49. Bf4 Ng8 50. Kf5 Ne7+ 51. Kg5 Bg7 52. Be4 Kd8 53. Bf5 Bh8 54. Bg4 Bg7 55. Be6 Bc3 56. Kh6 Nc6 57. Kg6 Ke7 58. Bd5 Ne5+ 59. Kf5 Nd7 60. Bc7 Nf6 61. h6 Nd7 62. Bc6 Nf8 63. Bd5 Nd7 64. Bg8 Bb2 65. h7 Bh8 66. Bf4 Nf6 67. Bg5 Bg7 68. Kg6 Bh8 69. a4 1-0

[Event "69th RUS-ch Women Higher League 2019"]
[Site "Yaroslavl"]
[Date "2019.07.03"]
[Round "6.4"]
[White "Galliamova, Alisa"]
[Black "Potapova, Margarita"]
[Result "0-1"]
[ECO "E10"]
[WhiteElo "2444"]
[BlackElo "2256"]
[Annotator "NA"]
[PlyCount "156"]
[EventDate "2019.06.27"]
[EventType "swiss"]
[EventCountry "RUS"]
[SourceTitle "playchess.com"]
[Source "ChessBase"]
[SourceQuality "1"]
[TimeControl "40/5400+30:1800+30"]

1. d4 Nf6 2. Nf3 e6 3. c4 a6 4. g3 b5 5. Qb3 bxc4 6. Qxc4 d5 7. Qc2 Nbd7 8. Bg2 Bb7 9. O-O c5 10. Nc3 Rc8 11. Bg5 h6 12. Bxf6 Qxf6 13. e3 Bd6 14. Qa4 cxd4 15. exd4 Rc4 16. Qd1 O-O 17. Qd3 Rfc8 18. Rfc1 Nf8 19. Bf1 Ng6 20. Qe3 R4c7 21. Bd3 Ne7 22. Kg2 Nf5 23. Qd2 e5 24. Bxf5 Qxf5 25. Nh4 Qf6 26. Ne2 Rxc1 27. Rxc1 Re8 28. Nf3 e4 29. Nfg1 Bc8 30. Qe3 Bd7 31. b3 g5 32. Rc2 Kg7 33. Nc3 Qe6 34. Na4 Bxa4 35. bxa4 f5 36. Qb3 f4 37. Qb7+ Re7 38. Qxa6 f3+ 39. Kh1 e3 40. fxe3 g4 41. Rf2 Bb4 42. Qxe6 Rxe6 43. Nxf3 gxf3 44. Rxf3 Kg6 45. g4 Bd2 46. Rf5 Rxe3 47. Rxd5 Ra3 48. Kg2 Rxa4 49. h4 Rxa2 50. Rd6+ Kf7 51. Kf3 Ra3+ 52. Ke2 Bf4 53. Rd5 Bg3 54. Rf5+ Kg7 55. g5 h5 56. Rf6 Bxh4 57. Rh6 Bxg5 58. Rxh5 Kg6 59. Rh8 Bf6 60. Re8 Bxd4 61. Re4 Bf6 62. Re3 Ra4 63. Rf3 Be5 64. Rb3 Kf5 65. Rd3 Bd4 66. Kf3 Ke5 67. Rb3 Ra5 68. Rd3 Ra8 69. Kg2 Ke4 70. Rb3 Ra2+ 71. Kg3 Be5+ 72. Kg4 Rg2+ 73. Kh3 Rg7 74. Rb4+ Kf5 75. Rb5 Rg3+ 76. Kh4 Ra3 77. Rd5 Ra8 78. Kh3 Ra2 0-1

[Event "69th RUS-ch Women Higher League 2019"]
[Site "Yaroslavl"]
[Date "2019.07.03"]
[Round "6.5"]
[White "Bodnaruk, Anastasia"]
[Black "Goltseva, Ekaterina"]
[Result "0-1"]
[ECO "C18"]
[WhiteElo "2440"]
[BlackElo "2304"]
[Annotator "NA"]
[PlyCount "70"]
[EventDate "2019.06.27"]
[EventType "swiss"]
[EventCountry "RUS"]
[SourceTitle "playchess.com"]
[Source "ChessBase"]
[SourceQuality "1"]
[TimeControl "40/5400+30:1800+30"]

1. e4 e6 2. d4 d5 3. Nc3 Bb4 4. e5 c5 5. a3 Bxc3+ 6. bxc3 Qa5 7. Bd2 Qa4 8. Qg4 Kf8 9. Qd1 Ne7 10. Nf3 b6 11. c4 dxc4 12. dxc5 bxc5 13. Be3 Nd7 14. Qd6 Bb7 15. Rd1 Bd5 16. Rxd5 exd5 17. e6 fxe6 18. Ng5 Qc6 19. Nxe6+ Kf7 20. Ng5+ Ke8 21. Qg3 h6 22. Qh3 Rg8 23. Ne6 Kf7 24. Nf4 g5 25. Nh5 Qe6 26. g4 Rab8 27. Be2 Rb1+ 28. Bd1 d4 29. O-O dxe3 30. fxe3+ Ke8 31. Qf3 Qd5 32. Qe2 Rf8 33. Re1 Ne5 34. e4 Qd4+ 35. Kg2 c3 0-1

[Event "69th RUS-ch Women Higher League 2019"]
[Site "Yaroslavl"]
[Date "2019.07.03"]
[Round "6.6"]
[White "Borisova, Ekaterina"]
[Black "Gritsayeva, Oksana"]
[Result "1-0"]
[ECO "A40"]
[WhiteElo "2267"]
[BlackElo "2381"]
[Annotator "NA"]
[PlyCount "103"]
[EventDate "2019.06.27"]
[EventType "swiss"]
[EventCountry "RUS"]
[SourceTitle "playchess.com"]
[Source "ChessBase"]
[SourceQuality "1"]
[TimeControl "40/5400+30:1800+30"]

1. d4 Nf6 2. c4 e6 3. g3 c5 4. d5 exd5 5. cxd5 b5 6. e4 Nxe4 7. Bg2 Nd6 8. Nf3 Be7 9. O-O O-O 10. Bf4 Bb7 11. Re1 Nc8 12. Nc3 d6 13. Nxb5 Nd7 14. Nd2 Ndb6 15. Nc3 Bg5 16. Bxg5 Qxg5 17. h4 Qd8 18. Qe2 Nd7 19. Nf1 Nf6 20. Ne3 Nb6 21. g4 Re8 22. Rad1 Bc8 23. Qf3 Nbd7 24. Nc4 Rxe1+ 25. Rxe1 Nb6 26. Ne3 Nfd7 27. Qg3 Ne5 28. f4 Nec4 29. Ned1 Bd7 30. b3 Na3 31. f5 Nc8 32. Ne3 Nb5 33. Nxb5 Bxb5 34. a4 Ba6 35. g5 Qf8 36. Ng4 Ne7 37. Qxd6 Nxf5 38. Qxa6 Nxh4 39. d6 Rd8 40. Rd1 Qe8 41. Qd3 h5 42. gxh6 Qe6 43. Ne3 Qxh6 44. d7 Qg5 45. Qe4 f5 46. Qd5+ Kh8 47. Kf2 Qf4+ 48. Ke2 g6 49. Qd6 Qxd6 50. Rxd6 f4 51. Bc6 Kg7 52. Re6 1-0

[Event "69th RUS-ch Women Higher League 2019"]
[Site "Yaroslavl"]
[Date "2019.07.03"]
[Round "6.7"]
[White "Guseva, Marina"]
[Black "Dordzhieva, Dinara"]
[Result "1/2-1/2"]
[ECO "E81"]
[WhiteElo "2379"]
[BlackElo "2306"]
[Annotator "NA RC"]
[PlyCount "127"]
[EventDate "2019.06.27"]
[EventType "swiss"]
[EventCountry "RUS"]
[SourceTitle "playchess.com"]
[Source "ChessBase"]
[SourceQuality "1"]
[TimeControl "40/5400+30:1800+30"]

1. d4 Nf6 2. c4 g6 3. Nc3 Bg7 4. e4 d6 5. f3 O-O 6. Nge2 c5 7. d5 Nbd7 8. Ng3 h5 9. Be2 Ne5 10. O-O e6 11. h3 exd5 12. cxd5 a6 13. a4 h4 14. Nh1 Nh7 15. f4 Nd7 16. a5 f5 17. exf5 gxf5 18. g4 hxg3 19. Nxg3 Qh4 20. Kh2 Ndf6 21. Qd3 Ne4 22. Ngxe4 fxe4 23. Nxe4 Bf5 24. Qg3 Qe7 25. Nc3 Kh8 26. Bd3 Bd4 27. Bd2 Rg8 28. Qf3 Qf7 29. Rae1 Rg7 30. Re2 Rag8 31. Bxf5 Qxf5 32. Be1 Nf6 33. Bh4 Nh5 34. Ne4 Nxf4 35. Nxd6 Qxd5 36. Qxd5 Nxd5 37. Rf5 Ne3 38. Rh5+ Rh7 39. Rxh7+ Kxh7 40. Bf2 Nf1+ 41. Kh1 Ng3+ 42. Bxg3 Rxg3 43. Re7+ Kg6 44. Rxb7 Rg1+ 45. Kh2 Rc1 46. Rb6 Be5+ 47. Kg2 Rc2+ 48. Kf3 Bxd6 49. Rxd6+ Kf5 50. Rb6 c4 51. Ke3 Ke5 52. h4 Rh2 53. Rh6 Rh3+ 54. Kd2 Kd4 55. Rxa6 Rxh4 56. Rc6 Rh2+ 57. Kc1 Rh1+ 58. Kc2 Ra1 59. Ra6 Kc5 60. Ra8 Kb5 61. Kc3 Rc1+ 62. Kd4 Rd1+ 63. Ke5 Kc5 64. Rc8+ 1/2-1/2

[Event "69th RUS-ch Women Higher League 2019"]
[Site "Yaroslavl"]
[Date "2019.07.03"]
[Round "6.8"]
[White "Ambartsumova, Karina"]
[Black "Maletina, Tatiana"]
[Result "1/2-1/2"]
[ECO "D02"]
[WhiteElo "2359"]
[BlackElo "2273"]
[Annotator "NA"]
[PlyCount "81"]
[EventDate "2019.06.27"]
[EventType "swiss"]
[EventCountry "RUS"]
[SourceTitle "playchess.com"]
[Source "ChessBase"]
[SourceQuality "1"]
[TimeControl "40/5400+30:1800+30"]

1. Nf3 d5 2. d4 Nf6 3. c4 c6 4. g3 Bg4 5. Ne5 Bf5 6. Bg2 e6 7. Qb3 Qb6 8. c5 Qxb3 9. axb3 Nfd7 10. f4 f6 11. Nxd7 Nxd7 12. Nc3 a6 13. O-O Bc2 14. b4 Rc8 15. e4 f5 16. e5 h5 17. Bf3 Bd3 18. Rf2 Be7 19. h4 g6 20. Rd2 Bc4 21. Be2 Bxe2 22. Rxe2 Kf8 23. b3 Kg7 24. Rea2 Nb8 25. Bd2 Rhf8 26. Na4 Bd8 27. Be1 Nd7 28. Nc3 Nb8 29. Na4 Rf7 30. Bd2 Nd7 31. Nc3 Nb8 32. Na4 Nd7 33. Nc3 Nb8 34. Na4 Nd7 35. Nc3 Nb8 36. Na4 Nd7 37. Nc3 Nb8 38. Na4 Nd7 39. Nc3 Nb8 40. Na4 Nd7 41. Nc3 1/2-1/2

[Event "69th RUS-ch Women Higher League 2019"]
[Site "Yaroslavl"]
[Date "2019.07.03"]
[Round "6.9"]
[White "Bykova, Anastasia"]
[Black "Voit, Daria"]
[Result "1-0"]
[ECO "E15"]
[WhiteElo "2229"]
[BlackElo "2339"]
[Annotator "NA"]
[PlyCount "75"]
[EventDate "2019.06.27"]
[EventType "swiss"]
[EventCountry "RUS"]
[SourceTitle "playchess.com"]
[Source "ChessBase"]
[SourceQuality "1"]
[TimeControl "40/5400+30:1800+30"]

1. d4 Nf6 2. c4 e6 3. Nf3 b6 4. g3 Ba6 5. b3 Bb4+ 6. Bd2 Be7 7. Bg2 c6 8. Bc3 d5 9. Nbd2 Nbd7 10. O-O O-O 11. Re1 Rc8 12. e4 dxe4 13. Nxe4 c5 14. dxc5 Nxc5 15. Nxc5 Bxc5 16. Ne5 Rc7 17. Qe2 Bb7 18. Bxb7 Rxb7 19. b4 Be7 20. Nc6 Qe8 21. b5 Nd7 22. Rad1 Nc5 23. Qg4 f6 24. Bb4 e5 25. Bxc5 Bxc5 26. Rd8 Qf7 27. Rxf8+ Bxf8 28. Rd1 Rc7 29. Rd5 h5 30. Qd1 Kh7 31. Qd3+ g6 32. Rd8 Bc5 33. Qd5 Qg7 34. a4 g5 35. Qd3+ Kh6 36. Qf5 a5 37. bxa6 Rxc6 38. a7 1-0

[Event "69th RUS-ch Women Higher League 2019"]
[Site "Yaroslavl"]
[Date "2019.07.03"]
[Round "6.10"]
[White "Mukhina, Jana"]
[Black "Solozhenkina, Elizaveta"]
[Result "0-1"]
[ECO "B93"]
[WhiteElo "2090"]
[BlackElo "2324"]
[Annotator "NA"]
[PlyCount "64"]
[EventDate "2019.06.27"]
[EventType "swiss"]
[EventCountry "RUS"]
[SourceTitle "playchess.com"]
[Source "ChessBase"]
[SourceQuality "1"]
[TimeControl "40/5400+30:1800+30"]

1. e4 c5 2. Nf3 d6 3. d4 cxd4 4. Nxd4 Nf6 5. Nc3 a6 6. f4 e5 7. Nf3 Nbd7 8. a4 Be7 9. Bd3 O-O 10. O-O Nc5 11. Kh1 d5 12. Nxe5 Nfxe4 13. Bxe4 dxe4 14. b4 Nd7 15. Rb1 a5 16. b5 Nxe5 17. fxe5 Qxd1 18. Rxd1 Bg4 19. Rd4 f6 20. Rxe4 fxe5 21. Bb2 Bf5 22. Re2 Rac8 23. Nd5 Bd6 24. Rc1 Rxc2 25. Rexc2 Bxc2 26. Nb6 Bb3 27. Bc3 e4 28. Bxa5 e3 29. Nd7 Rf2 30. Bb6 Bd5 31. Bxe3 Rxg2 32. Rd1 Rd2+ 0-1

[Event "69th RUS-ch Women Higher League 2019"]
[Site "Yaroslavl"]
[Date "2019.07.03"]
[Round "6.11"]
[White "Belenkaya, Dina"]
[Black "Garifullina, Leya"]
[Result "0-1"]
[ECO "C50"]
[WhiteElo "2321"]
[BlackElo "2246"]
[Annotator "NA"]
[PlyCount "104"]
[EventDate "2019.06.27"]
[EventType "swiss"]
[EventCountry "RUS"]
[SourceTitle "playchess.com"]
[Source "ChessBase"]
[SourceQuality "1"]
[TimeControl "40/5400+30:1800+30"]

1. e4 e5 2. Nf3 Nc6 3. Bc4 Bc5 4. d3 Nf6 5. Nc3 d6 6. Na4 Bb6 7. Nxb6 axb6 8. Bg5 h6 9. Bh4 Na5 10. Qe2 Qe7 11. Nd2 Nxc4 12. dxc4 Bd7 13. b3 Bc6 14. a4 Qe6 15. Rd1 Nd7 16. Nf1 f5 17. exf5 Qxf5 18. Ne3 Qg6 19. O-O O-O 20. f3 Nc5 21. Nd5 Bxd5 22. cxd5 Rf7 23. Bg3 Raf8 24. Qc4 Qg5 25. Rfe1 Qd8 26. a5 Nd7 27. Qb5 Qg5 28. Re4 bxa5 29. Rg4 Qf5 30. Rc4 Nc5 31. Qxa5 Qd7 32. Ra1 b5 33. Rb4 Qf5 34. Qxb5 Qxc2 35. Rc4 Qd3 36. Bf2 e4 37. Re1 exf3 38. Rxc5 Qg6 39. g3 dxc5 40. Qxc5 Qf5 41. Qc4 Kh7 42. h4 Rd7 43. Rd1 Qh3 44. Qf1 Qxf1+ 45. Kxf1 Rf5 46. b4 Rfxd5 47. Rxd5 Rxd5 48. Be3 Rd3 49. Kf2 Rb3 50. Bc5 h5 51. Bf8 Kg6 52. Bc5 Kf5 0-1

[Event "69th RUS-ch Women Higher League 2019"]
[Site "Yaroslavl"]
[Date "2019.07.03"]
[Round "6.12"]
[White "Dimitrova, Aleksandra"]
[Black "Lysenko, Margarita"]
[Result "0-1"]
[ECO "B90"]
[WhiteElo "2273"]
[BlackElo "2224"]
[Annotator "NA"]
[PlyCount "110"]
[EventDate "2019.06.27"]
[EventType "swiss"]
[EventCountry "RUS"]
[SourceTitle "playchess.com"]
[Source "ChessBase"]
[SourceQuality "1"]
[TimeControl "40/5400+30:1800+30"]

1. e4 c5 2. Nf3 d6 3. d4 cxd4 4. Nxd4 Nf6 5. Nc3 a6 6. Nb3 Nbd7 7. a4 b6 8. g4 Bb7 9. Bg2 h6 10. Qe2 g5 11. h4 Rg8 12. hxg5 hxg5 13. Be3 e6 14. f3 Ne5 15. Rd1 Qc7 16. Nd4 Rc8 17. Bc1 Be7 18. Rh6 Nfd7 19. Bh1 Ng6 20. Qh2 Qc5 21. Be3 Qe5 22. Qf2 Qg7 23. Rh2 Nf4 24. Nce2 Nxe2 25. Qxe2 Qe5 26. c3 d5 27. Rh5 dxe4 28. f4 Qc7 29. fxg5 Nc5 30. Kf1 Nd3 31. Rh7 Qg3 32. Bg2 Bd5 33. Rh3 Qe5 34. Kg1 Bxg5 35. Rh5 Nf4 36. Bxf4 Qxf4 37. Qxa6 Rd8 38. Qb5+ Kf8 39. Qe2 Qe3+ 40. Kh1 Qxe2 41. Nxe2 Ke7 42. Ng3 Bf4 43. Ne2 Bc7 44. c4 Bxc4 45. Rc1 Bxe2 46. Rxc7+ Rd7 47. Rxd7+ Kxd7 48. a5 Bxg4 49. Rh7 Ke7 50. Bxe4 bxa5 51. Kh2 Rg5 52. Rh8 Rh5+ 53. Rxh5 Bxh5 54. Kg3 e5 55. Kf2 Bg6 0-1

[Event "69th RUS-ch Women Higher League 2019"]
[Site "Yaroslavl"]
[Date "2019.07.03"]
[Round "6.13"]
[White "Khokhlova, Daria"]
[Black "Bulatova, Kamaliya"]
[Result "0-1"]
[ECO "E47"]
[WhiteElo "2234"]
[BlackElo "2102"]
[Annotator "NA"]
[PlyCount "62"]
[EventDate "2019.06.27"]
[EventType "swiss"]
[EventCountry "RUS"]
[SourceTitle "playchess.com"]
[Source "ChessBase"]
[SourceQuality "1"]
[TimeControl "40/5400+30:1800+30"]

1. d4 Nf6 2. c4 e6 3. Nc3 Bb4 4. e3 O-O 5. Bd3 c5 6. Nf3 d5 7. O-O cxd4 8. exd4 dxc4 9. Bxc4 b6 10. Bg5 Bb7 11. Qe2 Bxc3 12. bxc3 Nbd7 13. Bd3 Qc7 14. Rac1 Ng4 15. Be4 Bxe4 16. Qxe4 Ngf6 17. Qe2 Rac8 18. c4 Qb7 19. Rfe1 h6 20. Bh4 Rfe8 21. h3 Nh5 22. Qe3 Qa6 23. Ne5 Nhf6 24. f4 Rc7 25. Qf2 Rec8 26. f5 Nxe5 27. dxe5 Nd7 28. f6 Rxc4 29. Rcd1 Qa4 30. Qg3 g6 31. Qd3 Nc5 0-1

[Event "69th RUS-ch Women Higher League 2019"]
[Site "Yaroslavl"]
[Date "2019.07.03"]
[Round "6.14"]
[White "Kabanova, Ekaterina"]
[Black "Nosacheva, Mariya"]
[Result "1-0"]
[ECO "E71"]
[WhiteElo "2099"]
[BlackElo "2150"]
[Annotator "NA"]
[PlyCount "63"]
[EventDate "2019.06.27"]
[EventType "swiss"]
[EventCountry "RUS"]
[SourceTitle "playchess.com"]
[Source "ChessBase"]
[SourceQuality "1"]
[TimeControl "40/5400+30:1800+30"]

1. d4 Nf6 2. c4 g6 3. Nc3 Bg7 4. e4 d6 5. h3 O-O 6. Be3 Na6 7. g4 c5 8. d5 e6 9. g5 Ne8 10. Nge2 Nec7 11. Ng3 exd5 12. exd5 b5 13. cxb5 Nb4 14. Bg2 c4 15. O-O Nd3 16. Qd2 a6 17. b6 Nb5 18. Nge2 Nxc3 19. bxc3 Nc5 20. Rab1 Rb8 21. Nd4 Rxb6 22. Nc6 Qc7 23. Rxb6 Qxb6 24. Bd4 Re8 25. Re1 Rxe1+ 26. Qxe1 Bd7 27. Qe7 Bxc6 28. Bxc5 dxc5 29. dxc6 Bf8 30. Qd7 Qb1+ 31. Bf1 Qc1 32. c7 1-0

[Event "69th RUS-ch Women Higher League 2019"]
[Site "Yaroslavl"]
[Date "2019.07.03"]
[Round "6.15"]
[White "Bivol, Alina"]
[Black "Matveeva, Olga"]
[Result "1-0"]
[ECO "A15"]
[WhiteElo "2391"]
[BlackElo "2189"]
[Annotator "NA"]
[PlyCount "75"]
[EventDate "2019.06.27"]
[EventType "swiss"]
[EventCountry "RUS"]
[SourceTitle "playchess.com"]
[Source "ChessBase"]
[SourceQuality "1"]
[TimeControl "40/5400+30:1800+30"]

1. c4 Nf6 2. g3 g6 3. Bg2 Bg7 4. Nc3 O-O 5. Nf3 d6 6. O-O Nc6 7. d3 e5 8. Rb1 Ne8 9. b4 f5 10. Bg5 Nf6 11. Nd5 Ne7 12. Nxf6+ Bxf6 13. Bxf6 Rxf6 14. Qd2 Rb8 15. c5 Be6 16. cxd6 cxd6 17. Rfc1 Bd5 18. a4 Kg7 19. b5 Rf8 20. e4 Bg8 21. exf5 Nxf5 22. Rb2 Qd7 23. Rbc2 Rbc8 24. Rc3 Bd5 25. Ng5 Bxg2 26. Rc7 Rxc7 27. Rxc7 Qxc7 28. Ne6+ Kh8 29. Nxc7 Bf3 30. Ne6 Rc8 31. Qg5 Kg8 32. g4 Ng7 33. Nxg7 Kxg7 34. Qe7+ Kh6 35. h4 Bd5 36. g5+ Kh5 37. Qxh7+ Kg4 38. Qd7+ {[%emt 0:00:04] Ra8} 1-0

[Event "69th RUS-ch Women Higher League 2019"]
[Site "Yaroslavl"]
[Date "2019.07.03"]
[Round "6.16"]
[White "Diakonova, Ekaterina"]
[Black "Maltsevskaya, Aleksandra"]
[Result "1-0"]
[ECO "C09"]
[WhiteElo "2196"]
[BlackElo "2316"]
[Annotator "NA"]
[PlyCount "149"]
[EventDate "2019.06.27"]
[EventType "swiss"]
[EventCountry "RUS"]
[SourceTitle "playchess.com"]
[Source "ChessBase"]
[SourceQuality "1"]
[TimeControl "40/5400+30:1800+30"]

1. e4 e6 2. d4 d5 3. Nd2 c5 4. Ngf3 Nc6 5. exd5 exd5 6. Be2 cxd4 7. O-O Bd6 8. Re1 Nge7 9. Nb3 O-O 10. Bg5 f6 11. Bh4 Nf5 12. Bg3 Nxg3 13. hxg3 f5 14. Nbxd4 f4 15. Nb5 Bb8 16. c4 fxg3 17. Qxd5+ Qxd5 18. cxd5 gxf2+ 19. Kxf2 Nb4 20. Rac1 a6 21. Nc7 Ra7 22. d6 b5 23. a4 Bd7 24. Kg1 Bxc7 25. dxc7 Rc8 26. Ne5 Raxc7 27. Rxc7 Rxc7 28. Nxd7 Rxd7 29. axb5 axb5 30. Bxb5 Rd4 31. Rc1 Rd2 32. Bc4+ Kh8 33. Re1 g5 34. Re2 Rd1+ 35. Kf2 Kg7 36. b3 h5 37. Re7+ Kf6 38. Rf7+ Ke5 39. Re7+ Kf6 40. Rf7+ Ke5 41. Re7+ Kf5 42. Rf7+ Kg6 43. Rb7 Na2 44. Bf7+ Kf5 45. Bxh5 Rd2+ 46. Kg3 Rd3+ 47. Bf3 Nc1 48. Rb5+ Kf6 49. b4 Ne2+ 50. Kf2 Nc3 51. Rb6+ Kf5 52. g4+ Ke5 53. Rg6 Ne4+ 54. Bxe4 Kxe4 55. Rxg5 Kf4 56. Rc5 Kxg4 57. Ke2 Rb3 58. b5 Kf4 59. Kd2 Ke4 60. Kc2 Kd4 61. Rh5 Rc3+ 62. Kb2 Rc8 63. Kb3 Rc5 64. Rh4+ Kd5 65. Kb4 Rc8 66. Rh6 Rc1 67. Ka5 Rc8 68. b6 Rc1 69. Ka6 Kc5 70. Ka7 Ra1+ 71. Kb8 Rb1 72. b7 Kb5 73. Kc7 Rc1+ 74. Kd7 Rd1+ 75. Rd6 1-0